 Dungeon Crawl Stone Soup version 0.20.0-15-g7f486f2 (webtiles) character file.

594 vishdafish the Cudgeler (level 7, -1/61 HPs)
             Began as a Minotaur Fighter on June 23, 2017.
             Was an Initiate of Okawaru.
             Killed from afar by an orc wizard (7 damage)
             ... with a magic dart
             ... on level 5 of the Dungeon.
             The game lasted 00:05:39 (3152 turns).

vishdafish the Cudgeler (Minotaur Fighter)          Turns: 3152, Time: 00:05:41

Health: -1/61      AC:  7    Str: 22    XL:     7   Next: 16%
Magic:  6/6        EV:  8    Int:  2    God:    Okawaru [......]
Gold:   169        SH: 10    Dex: 10    Spells: 6/6 levels left

rFire    . . .     SeeInvis .   r - +2 flail (holy)
rCold    . . .     Gourm    .   c - +0 shield
rNeg     . . .     Faith    .   b - +0 scale mail
rPois    .         Spirit   .   (helmet restricted)
rElec    .         Reflect  .   (no cloak)
rCorr    .         Harm     .   (no gloves)
MR       .....                  (no boots)
Stlth    ..........             (no amulet)
Regen    0.2/turn               s - -3 ring of intelligence (curse)
MPRegen  0.1/turn               (no ring)

@: lethally poisoned (-1 -> -2), slowed, very slow
A: retaliatory headbutt, horns 2
a: Renounce Religion


You were on level 5 of the Dungeon.
You worshipped Okawaru.
Okawaru was noncommittal.
You were not hungry.

You visited 2 branches of the dungeon, and saw 6 of its levels.

You collected 169 gold pieces.

Inventory:

Hand Weapons
 a - a +0 flail
 r - a +2 flail of holy wrath (weapon)
Armour
 b - a +0 scale mail (worn)
 c - a +0 shield (worn)
Jewellery
 s - a cursed -3 ring of intelligence (left hand)
Wands
 u - a wand of random effects (48/48)
 x - a wand of random effects (18/48)
Scrolls
 h - 3 scrolls of magic mapping
 i - a scroll of immolation {unknown}
 j - 2 scrolls of teleportation {unknown}
 l - 2 scrolls of remove curse {unknown}
 n - a scroll of enchant weapon
 o - 3 scrolls of fog {unknown}
 p - 2 scrolls of recharging
 v - a scroll of enchant armour {unknown}
Potions
 d - a potion of might
 e - 3 potions of heal wounds {unknown}
 g - 2 potions of cancellation
 k - a potion of haste {unknown}
 m - 6 potions of curing
 q - a potion of mutation {unknown}
 t - 2 potions of lignification {unknown}
 w - a potion of brilliance {unknown}
Comestibles
 f - a bread ration


   Skills:
 + Level 5.2 Fighting
 + Level 5.9 Maces & Flails
 + Level 5.2 Armour
 + Level 2.1 Dodging
 + Level 0.3 Stealth
 + Level 5.5 Shields


You had 6 spell levels left.
You didn't know any spells.

Dungeon Overview and Level Annotations

Branches:
Dungeon (5/15)             Temple (1/1) D:5

Altars:
Ashenzari
Cheibriados
Dithmenos
Elyvilon
Gozag
Hepliaklqana
Kikubaaqudgha
Nemelex Xobeh
Okawaru
Sif Muna
Trog
Uskayaw
Vehumet
Xom
Yredelemnul
Zin
The Shining One


Innate Abilities, Weirdness & Mutations

You reflexively headbutt those who attack you in melee.
You have a pair of horns on your head.


Message History

You closely miss the adder.
You feel sick. The adder closely misses you. You furiously retaliate!
You headbutt the adder!
You kill the adder!
Okawaru accepts your kill. Something hits you but does no damage.
You feel sick. You block something's attack. Something hits you.
You start resting.
Something hits you.
You barely miss something.
You hear some strange, mumbled words.
A puff of flame appears from out of thin air!
The puff of flame hits you!
* * * LOW HITPOINT WARNING * * *
Something hits you but does no damage.
You hit something. Your headbutt misses something.
You feel sick. Something hits you.
* * * LOW HITPOINT WARNING * * *
You hear some strange, mumbled words.
A magic dart appears from out of thin air!
The magic dart hits you!
You die...

#.#
#.##.##........#..
..#
####.#####........#..
#....### #........#..
#.#....# #..).....#..
# #....# ##########..
#....# #.. #.)..# ###
#.[..# #{@..#
.....'....+
###..#....#
.....#....# ..#.
.....# . ........# #.
#.....+ #.....#


There were no monsters in sight!

Vanquished Creatures
  A crimson imp (D:5)
  A bullfrog zombie (D:5)
  4 orc wizards
  An orc priest (D:4)
  Ijyb (D:4)
  Natasha (thrice) (D:4)
  3 worker ants (D:4)
  10 adders
  2 oozes
  2 worms (D:4)
  2 dart slugs
  4 leopard geckos
  15 orcs
  3 giant cockroaches
  8 goblins
  12 hobgoblins
  2 jackals (D:1)
  7 kobolds
  3 quokkas
  A ball python (D:4)
  6 bats
  6 frilled lizards
  9 rats
106 creatures vanquished.

Notes
Turn   | Place    | Note
-------+----------+-------------------------------------------
     0 | D:1      | vishdafish the Minotaur Fighter began the quest for the Orb.
     0 | D:1      | Reached XP level 1. HP: 19/19 MP: 0/0
    74 | D:1      | Reached XP level 2. HP: 15/27 MP: 1/1
   557 | D:2      | Reached XP level 3. HP: 33/33 MP: 2/2
   950 | D:2      | Reached skill level 1 in Dodging
  1590 | D:3      | Reached XP level 4. HP: 40/40 MP: 3/3
  1683 | D:3      | Found a basalt altar of Yredelemnul.
  1736 | D:3      | Reached XP level 5. HP: 47/47 MP: 4/4
  1738 | D:3      | Found a glowing golden altar of the Shining One.
  2398 | D:4      | Found a glowing silver altar of Zin.
  2420 | D:4      | Noticed Natasha
  2431 | D:4      | Killed Natasha
  2491 | D:4      | Reached XP level 6. HP: 22/55 MP: 5/5
  2592 | D:4      | Noticed Natasha
  2597 | D:4      | Killed Natasha
  2606 | D:4      | Reached skill level 5 in Maces & Flails
  2621 | D:4      | Noticed Ijyb
  2623 | D:4      | Noticed Natasha
  2629 | D:4      | Killed Ijyb
  2629 | D:4      | Reached skill level 5 in Fighting
  2629 | D:4      | Reached skill level 5 in Shields
  2632 | D:4      | Killed Natasha
  2696 | D:4      | Noticed a moth of wrath
  2699 | D:4      | Found a bloodstained altar of Trog.
  2845 | D:4      | Reached skill level 5 in Armour
  2899 | D:5      | Entered Level 5 of the Dungeon
  2963 | D:5      | Found a staircase to the Ecumenical Temple.
  2978 | Temple   | Entered the Ecumenical Temple
  2990 | Temple   | Became a worshipper of Warmaster Okawaru
  3127 | D:5      | Reached XP level 7. HP: 61/61 MP: 6/6
  3152 | D:5      | Killed from afar by an orc wizard

Skill      XL: |  1  2  3  4  5  6 |
---------------+-------------------+-----
Fighting       | 4 5 |  5.2
Shields        | 4 5 |  5.5
Dodging        | 1 2 |  2.1
Maces & Flails | 3 4 5 |  5.9
Armour         | 4 5 |  5.2
Stealth        | |  0.3

Action                   |  1- 3 |  4- 6 |  7- 9 || total
-------------------------+-------+-------+-------++-------
Melee: Flail             |   111 |   173 |    19 ||   303
       Headbutt          |    12 |    19 |     3 ||    34
  Use: Scroll            |       |     5 |       ||     5
  Eat: Meat ration       |     1 |       |       ||     1
       Bread ration      |       |     1 |       ||     1
Armor: Scale mail        |    53 |    61 |    17 ||   131
Dodge: Dodged            |    36 |    61 |     9 ||   106
Block: Shield            |    57 |    89 |    17 ||   163
